AoeStats
← feizda

Four Lakes

509311878Analyzed
1v1 RM · 5d ago on Sep 26, 2026· 23m 4s· 2 players
Game mode
Random Map
Map size
Tiny (2 player)
Population
200
Speed
Normal
Resources
Standard
Victory
Conquest
Starting age
Dark Age
Ending age
Imperial Age
RankedLock teamsTeams togetherTeam positionsShared explorationLock speedFull tech treeHidden civsTurbo modeCheats
Victory
Defeat
🇨🇳 Portuguese · China
1257
+17
🇦🇺 Vikings · Australia
1275
-17
feizda
6:25 Loom
9:10 Feudal Age
9:39 Double-Bit Axe
17:01 Castle Age
15:04 Fishing Lines
15:45 Town Watch
17:03 Bloodlines
17:11 Gold Mining
17:59 Gillnets
18:46 Horse Collar
20:59 Wheelbarrow
22:14 Scale Barding Armor
23:06 Hand Cart
THE1andoNLY3712
6:16 Loom
11:23 Feudal Age
12:00 Double-Bit Axe
18:16 Castle Age
16:12 Fletching
16:50 Stone Mining
16:55 Gold Mining
18:22 Scale Barding Armor
18:28 Forging
20:38 Bodkin Arrow
20:50 Squires
20:37 Arson
22:54 Scale Mail Armor
Connection lost

Rejoining the realm…

Still unreachable

The connection could not be restored.

Session expired

The server has moved on; the page needs a fresh start.